 Dungeon Crawl Stone Soup version 0.23-b1-58-ge3fafae (webtiles) character file.

Game seed: 13481867774796013783

471 redwoodhats the Grasshopper (level 6, -10/55 HPs)
             Began as a Deep Dwarf Warper on Feb 4, 2019.
             Mangled by an ogre
             ... wielding a +0 giant spiked club
              (29 damage)
             ... on level 4 of the Dungeon.
             The game lasted 00:28:37 (3831 turns).

redwoodhats the Grasshopper (Deep Dwarf Warper)     Turns: 3831, Time: 00:28:37

Health: -10/55     AC:  4    Str: 17    XL:     6   Next: 83%
Magic:  7/7        EV: 13    Int: 15    God:
Gold:   126        SH:  9    Dex: 13    Spells: 4/9 levels left

rFire    . . .     SeeInvis .   h - +2 short sword (holy)
rCold    . . .     Gourm    .   u - +0 buckler
rNeg     . . .     Faith    .   b - +0 leather armour
rPois    .         Spirit   .   p - +1 hat
rElec    .         Reflect  +   (no cloak)
rCorr    .         Harm     .   (no gloves)
MR       .....                  (no boots)
Stlth    +.........             n - +5 amulet of reflection
HPRegen  0.00/turn              i - +3 ring of strength
MPRegen  0.10/turn              (no ring)

@: non-regenerating
A: damage resistance, heal wounds, sense surroundings 1, no regeneration
a: Heal Wounds


You were on level 4 of the Dungeon.
You were not hungry.

You visited 1 branch of the dungeon, and saw 4 of its levels.
You also visited: Sewer.

You collected 126 gold pieces.

Inventory:

Hand Weapons
 a - a +0 hand axe
 h - a +2 short sword of holy wrath (weapon)
 j - a +0 hand axe
 l - a +0 mace of holy wrath
 B - a +0 scimitar
Missiles
 e - 4 tomahawks of dispersal (quivered)
Armour
 b - a +0 leather armour (worn)
 g - a +0 large shield
 k - a +0 helmet
 p - a +1 hat (worn)
 u - a +0 buckler (worn)
Jewellery
 i - a +3 ring of strength (left hand)
 n - a +5 amulet of reflection (around neck)
 x - a +4 ring of protection {unknown}
Scrolls
 d - 2 scrolls of blinking
 q - 2 scrolls of magic mapping {unknown}
 t - 2 scrolls of teleportation {unknown}
 v - a scroll of enchant weapon {unknown}
 w - a scroll of identify
 y - a scroll of remove curse {unknown}
 A - a scroll of fog {unknown}
Potions
 f - a potion of heal wounds
 m - 2 potions of haste
 o - 2 potions of lignification
 z - a potion of brilliance {unknown}
Comestibles
 c - 2 rations


   Skills:
 + Level 2.8 Fighting
 + Level 3.1 Short Blades
 + Level 2.9 Axes
 + Level 0.8 Throwing
 + Level 2.6 Armour
 + Level 3.6 Dodging
 + Level 1.1 Stealth
 + Level 2.5 Shields
 + Level 2.2 Spellcasting
 + Level 3.8 Translocations


You had 4 spell levels left.
You knew the following spells:

 Your Spells              Type           Power        Failure   Level  Hunger
a - Blink                 Tloc           N/A          10%         2    ###....
b - Gell's Gravitas       Tloc           ##........   19%         3    ###....

Your spell library contained the following spells:

 Spells                   Type           Power        Failure   Level  Hunger
 Lesser Beckoning         Tloc           ##........   19%         3    ###....
 Teleport Other           Tloc           ##......     19%         3    ###....
 Shroud of Golubria       Chrm/Tloc      #.........   22%         2    ###....
 Passage of Golubria      Tloc           N/A          54%         4    #####..


Dungeon Overview and Level Annotations

Branches:
Dungeon (4/15)
 Temple: D:4-7

Altars:
Hepliaklqana
Kikubaaqudgha
Ru
Xom


Innate Abilities, Weirdness & Mutations

You are resistant to damage.
You can heal yourself by infusing magical energy.
You passively map a small area around you.
You do not regenerate.


Message History

Found a quarterstaff.
You see here a +0 giant spiked club.
You see here a +0 giant spiked club.
You see here a quarterstaff.
Found a stone staircase leading up.
You see here a quarterstaff.
You see here a +0 giant spiked club.
You are feeling hungry.
You eat one of the 3 rations.
That ration really hit the spot!
Found a hunting sling.
An ogre comes into view. It is wielding a +0 giant spiked club.
The ogre shouts!
You hear an angry hiss.
An adder comes into view.
You see here a hunting sling.
The ogre hits you but does no damage.
You hit the ogre.
The ogre is lightly wounded.
The ogre hits you with a +0 giant spiked club!!
Ouch! That really hurt!
You die...

#.# * #.# *
#.# #.# ,*
#.# #.# #.#
,
#)########,
*
#.@OS.....
* *
##########
*


You could see an ogre and an adder.

Vanquished Creatures
  An ogre (D:4)
  A bullfrog (Sewer)
  A worker ant (D:4)
  Robin (D:2)
  9 adders
  10 oozes
  2 worms
  A dart slug (D:1)
  16 leopard geckos
  8 orcs
  5 ball pythons (Sewer)
  2 bats
  22 giant cockroaches
  15 goblins
  11 hobgoblins
  2 jackals (D:3)
  A quokka (D:2)
  14 frilled lizards
  3 kobolds (D:1)
  A quokka skeleton (D:4)
  8 rats
134 creatures vanquished.

Notes
Turn   | Place    | Note
-------+----------+-------------------------------------------
     0 | D:1      | redwoodhats the Deep Dwarf Warper began the quest for the
                  | Orb.
     0 | D:1      | Reached XP level 1. HP: 19/19 MP: 3/3
   411 | D:1      | Reached XP level 2. HP: 23/26 MP: 4/4
   421 | D:1      | Learned a level 2 spell: Blink
  1035 | D:2      | Noticed Robin
  1230 | D:2      | Found a sacrificial altar of Ru.
  1258 | D:2      | Reached XP level 3. HP: 28/32 MP: 1/4
  1265 | D:2      | Killed Robin
  1460 | D:2      | Reached skill level 1 in Stealth
  1855 | D:3      | Reached XP level 4. HP: 28/40 MP: 5/5
  1921 | D:3      | Found an ancient bone altar of Kikubaaqudgha.
  2071 | D:3      | Found a glowing drain.
  2096 | Sewer    | Entered a sewer
  2266 | Sewer    | Reached XP level 5. HP: 42/46 MP: 6/6
  2316 | Sewer    | Reached skill level 1 in Shields
  2323 | Sewer    | Reached skill level 1 in Short Blades
  2696 | Sewer    | Reached XP level 6. HP: 16/55 MP: 7/7
  2744 | Sewer    | Learned a level 3 spell: Gell's Gravitas
  3156 | D:3      | Found a hazy altar of Hepliaklqana.
  3158 | D:3      | Found a shimmering altar of Xom.
  3159 | D:3      | Noticed a spectral ugly thing
  3831 | D:4      | Mangled by an ogre

Skill      XL: |  1  2  3  4  5  6 |
---------------+-------------------+-----
Fighting       | 2 |  2.8
Spellcasting   | 2 |  2.2
Stealth        | 1 |  1.1
Armour         | 2 |  2.6
Shields        | 1 2 |  2.5
Short Blades   | 2 3 |  3.1
Dodging        | 3 |  3.6
Axes           | |  2.9
Throwing       | |  0.8
Translocations | |  3.8

Action                   |  1- 3 |  4- 6 || total
-------------------------+-------+-------++-------
Melee: Hand axe          |    65 |       ||    65
       Short sword       |    54 |   497 ||   551
Throw: Tomahawk          |     1 |       ||     1
 Cast: Blink             |     8 |     4 ||    12
 Abil: Heal Wounds       |     3 |     6 ||     9
  Use: Potion            |     5 |     2 ||     7
       Scroll            |     4 |       ||     4
 Stab: Sleeping          |     2 |     3 ||     5
  Eat: Ration            |     1 |     3 ||     4
       Chunk             |       |     1 ||     1
Armor: Leather armour    |    35 |   175 ||   210
Dodge: Dodged            |   113 |   278 ||   391
Block: Other             |    11 |    46 ||    57
       Large shield      |       |   410 ||   410
       Buckler           |       |    40 ||    40
